[Event "*** Titled Tuesday Blitz"]
[Site "Chess.com"]
[Date "2019.06.04"]
[Round "1"]
[White "Gordima"]
[Black "DivyaDeshmukh23"]
[Result "1-0"]
[WhiteElo "2750"]
[BlackElo "2387"]
[TimeControl "180+2"]
[EndTime "13:05:46 PDT"]
[Termination "Gordima won by resignation"]

1. Nf3 Nf6 2. c4 g6 3. Nc3 d5 4. cxd5 Nxd5 5. h4 Bg4 6. Qa4+ Bd7 7. Qb3 Bc6 8. Ne5 Bg7 9. Nxc6 bxc6 10. g3 Na6 11.
Qa4 Nb8 12. Bg2 O-O 13. h5 a5 14. hxg6 fxg6 15. Qh4 h6 16. Qe4 Kh7 17. d4 Rf6 18.
Bg5 Rd6 19. Qh4 Qf8 20. Nxd5 Rxd5 21. Bxd5 cxd5 22. Bxe7 Qf5 23. Qf4 Qc2 24. Rc1 Qxb2 25. Bf6 Bxf6 26. Rxh6+ Kg8 27. Rxg6+ Bg7 28. Rxg7+ Kxg7 29. Rxc7+ Kg6 30. Qd6+ 1-0

[Event "*** Titled Tuesday Blitz"]
[Site "Chess.com"]
[Date "2019.06.04"]
[Round "1"]
[White "PotapovaM"]
[Black "Hikaru"]
[Result "0-1"]
[WhiteElo "2504"]
[BlackElo "3205"]
[TimeControl "180+2"]
[EndTime "13:05:48 PDT"]
[Termination "Hikaru won by resignation"]

1. d4 Nf6 2. c4 g6 3. Nc3 Bg7 4. e4 d6 5. Nf3 O-O 6. h3 a5 7.
Be3 Na6 8. Qd2 e5 9. d5 Nd7 10.
g4 Ndc5 11. Rg1 Kh8 12. O-O-O Nb4 13. Kb1 Qe7 14. Bxc5 dxc5 15. a3 Na6 16. Bd3 Nb8 17.
h4 Nd7 18. h5 Kg8 19. Rg2 Nf6 20. Rdg1 Ne8 21. Ne2 Nd6 22. Ng3 Bxg4 23. Nh2 Bh3 24. h6 Bf6 25. Nf5 Nxf5 26. exf5 Bxg2 27. fxg6 e4 28.
Rxg2 fxg6 29. Bc2 Bd4 30. Ng4 Ra6 31. Ne3 Rb6 32. b3 a4 33. b4 Bxe3 34. Qxe3 cxb4 35.
c5 Rb5 36. Qd4 bxa3+ 37. Kc1 a2 0-1

[Event "*** Titled Tuesday Blitz"]
[Site "Chess.com"]
[Date "2019.06.04"]
[Round "1"]
[White "PowerThinking2650"]
[Black "Michael_Scofield01"]
[Result "0-1"]
[WhiteElo "2372"]
[BlackElo "2726"]
[TimeControl "180+2"]
[EndTime "13:05:48 PDT"]
[Termination "Michael_Scofield01 won by resignation"]

1. e4 e5 2. Nf3 Nc6 3. Nc3 Nf6 4. d4 exd4 5. Nxd4 Bb4 6. Nxc6 bxc6 7. Bd3 O-O 8. O-O d5 9. exd5 cxd5 10. Bg5 c6 11. Qf3 h6 12. Bxf6 Qxf6 13. Qxf6 gxf6 14. Ne2 Re8 15.
Ng3 Bd7 16. Nf5 c5 17. Nxh6+ Kf8 18. c3 Ba5 19. Nf5 c4 20. Bc2 Bxf5 21. Bxf5 Re2 22. b4 cxb3 23. axb3 Bxc3 24. Rad1 d4 25. Bd3 Rb2 26.
Bc4 a5 27. g3 Rc8 28. Bd5 Rc5 29. Bc4 a4 30. Rb1 Rxb1 31. Rxb1 a3 0-1

[Event "*** Titled Tuesday Blitz"]
[Site "Chess.com"]
[Date "2019.06.04"]
[Round "1"]
[White "AsaHoffmann"]
[Black "Lagravesamuell"]
[Result "0-1"]
[WhiteElo "2194"]
[BlackElo "2574"]
[TimeControl "180+2"]
[EndTime "13:05:51 PDT"]
[Termination "Lagravesamuell won by resignation"]

1. d4 Nf6 2. Bg5 e6 3. Nd2 d5 4. e3 Nbd7 5. Bd3 c5 6. c3 h6 7. Bh4 Bd6 8. f4 g5 9. fxg5 hxg5 10. Bf2 Qc7 11. h3 e5 12. Ne2 g4 13. Qc2 e4 14.
Bb5 a6 15. Bxd7+ Bxd7 16. dxc5 Bxc5 17. Nd4 Bxd4 18. exd4 gxh3 19. O-O-O O-O-O 20. gxh3 Bxh3 21. Be3 Ng4 22. Bg1 Bg2 23. Rxh8 Rxh8 24. Re1 Qg3 25. Qd1 f5 26. Nf1 Bxf1 27. Rxf1 Rh1 28. Bf2 Nxf2 0-1

[Event "*** Titled Tuesday Blitz"]
[Site "Chess.com"]
[Date "2019.06.04"]
[Round "1"]
[White "Drags95"]
[Black "Misha_Bilous"]
[Result "1-0"]
[WhiteElo "2797"]
[BlackElo "2426"]
[TimeControl "180+2"]
[EndTime "13:05:52 PDT"]
[Termination "Drags95 won on time"]

1. e4 c5 2. Nf3 d6 3. d4 cxd4 4. Nxd4 Nf6 5. Nc3 a6 6. Be3 e5 7. Nb3 Be6 8. Qd2 Nbd7 9. h3 h5 10. f4 Rc8 11. O-O-O b5 12. f5 Bc4 13. Bd3 Nb6 14.
Kb1 b4 15. Ne2 d5 16. exd5 Bd6 17. g4 e4 18. Bxb6 Qxb6 19. Bxc4 Rxc4 20. g5 Nd7 21.
Ned4 O-O 22. Qe2 Rfc8 23. Qxh5 1-0

[Event "*** Titled Tuesday Blitz"]
[Site "Chess.com"]
[Date "2019.06.04"]
[Round "1"]
[White "Alliswell998"]
[Black "Rakhmanov_Aleksandr"]
[Result "0-1"]
[WhiteElo "2423"]
[BlackElo "2794"]
[TimeControl "180+2"]
[EndTime "13:05:52 PDT"]
[Termination "Rakhmanov_Aleksandr won by checkmate"]

1. e4 c5 2. Nc3 Nc6 3. f4 e6 4. Nf3 Nge7 5. d4 d5 6. Bb5 a6 7.
Bxc6+ Nxc6 8. dxc5 Bxc5 9. exd5 exd5 10. Qxd5 Qe7+ 11. Ne5 O-O 12. Ne4 Ba7 13. Bd2 Rd8 14. Nxc6 bxc6 15. Qe5 Qh4+ 16. g3 Qg4 17. Qg5 Qxg5 18.
Nxg5 Re8+ 19. Kd1 Bg4+ 20. Kc1 h6 21. h3 Be2 22. Nxf7 Kxf7 23. a4 Bf3 24. Re1 Rxe1+ 25.
Bxe1 Rd8 26. Bd2 Be3 27. Bxe3 Rd1# 0-1

[Event "*** Titled Tuesday Blitz"]
[Site "Chess.com"]
[Date "2019.06.04"]
[Round "1"]
[White "fm_magua"]
[Black "rasmussvane"]
[Result "0-1"]
[WhiteElo "2464"]
[BlackElo "2881"]
[TimeControl "180+2"]
[EndTime "13:06:01 PDT"]
[Termination "rasmussvane won by resignation"]

1. e4 c6 2. d4 d5 3. e5 Bf5 4. h4 h5 5. c4 e6 6. Bg5 Qb6 7. Qd2 dxc4 8. Nc3 Qa6 9. Nge2 Nd7 10. Ng3 Bd3 11. Bxd3 cxd3 12. O-O f6 13. Bf4 O-O-O 14. Nge4 Nb6 15. Nc5 Bxc5 16. dxc5 Nc4 17. Qc1 fxe5 18.
Bg5 Nf6 19. Bxf6 gxf6 20. Ne4 f5 21. Ng5 Rd7 22. b3 Na3 23. Qb2 Rd5 24. f4 Re8 25. fxe5 Nc2 26. Rac1 Ne3 27. Rfe1 d2 28. Rxe3 d1=Q+ 29.
Rxd1 Rxd1+ 30. Kh2 Qf1 31. Rf3 Qg1+ 32. Kg3 Rd4 33. Rf4 Qe3+ 34. Rf3 Rg4+ 35. Kh3 Qe1 0-1

[Event "*** Titled Tuesday Blitz"]
[Site "Chess.com"]
[Date "2019.06.04"]
[Round "1"]
[White "KazakhFighter04"]
[Black "Satscho"]
[Result "1-0"]
[WhiteElo "2623"]
[BlackElo "2261"]
[TimeControl "180+2"]
[EndTime "13:06:03 PDT"]
[Termination "KazakhFighter04 won by checkmate"]

1. e4 c6 2. Nf3 d5 3. exd5 cxd5 4. Ne5 Nf6 5. d4 g6 6. Nd2 Bg7 7. Ndf3 O-O 8. Bd3 Ne4 9. h3 Nd7 10. O-O Qb6 11. c3 Ndf6 12. Qb3 Qd8 13. Re1 a6 14. a4 Bf5 15. Qxb7 Rb8 16. Qxa6 Qc8 17. Nc6 Rb7 18. Na5 Rc7 19. Qxc8 Rfxc8 20. Bf4 Ra7 21.
Nb3 Rb7 22. Ra3 Nxc3 23. Bxf5 gxf5 24. bxc3 Rxc3 25. Re3 Ne4 26. Rxc3 Nxc3 27. Nc5 Rb1+ 28. Kh2 Ne2 29. Be5 f6 30. Bc7 e5 31. dxe5 Rc1 32.
exf6 Rxc5 33. Bd6 Rc6 34. fxg7 Rxd6 35. Re3 Nf4 36. Nd4 Rf6 37. Re7 Nd3 38. a5 Nxf2 39. Ne6 Rxe6 40. Rxe6 d4 41. a6 d3 42. a7 d2 43.
a8=Q+ Kxg7 44. Re7+ Kf6 45. Qf8+ Kg5 46. Rg7+ Kf4 47.
Qd6+ Ke4 48. Re7# 1-0

[Event "*** Titled Tuesday Blitz"]
[Site "Chess.com"]
[Date "2019.06.04"]
[Round "1"]
[White "Gabix_94"]
[Black "toog"]
[Result "1-0"]
[WhiteElo "2652"]
[BlackElo "2309"]
[TimeControl "180+2"]
[EndTime "13:06:05 PDT"]
[Termination "Gabix_94 won by resignation"]

1. Nf3 Nf6 2. c4 g6 3. Nc3 Bg7 4. d4 O-O 5. e4 d6 6. h3 e5 7. d5 a5 8. Be2 Na6 9. g4 Nc5 10. Qc2 Ne8 11. Bg5 f6 12. Be3 b6 13. Rg1 Kh8 14.
O-O-O f5 15. gxf5 gxf5 16. exf5 Bxf5 17. Qd2 Rg8 18. Ng5 Qe7 19. Bxc5 bxc5 20. h4 Nf6 21.
Bd3 Bxd3 22. Qxd3 Bh6 23. Kb1 Bxg5 24. hxg5 Nh5 25. Ne4 Nf4 26. Qc2 Rab8 27. Ka1 a4 28. Rh1 a3 29. b3 Rg7 30. Rh2 Qf7 31. Nf6 Qg6 32. Qxg6 Nxg6 33. Rdh1 Nf8 34. Kb1 Rf7 35. Kc2 Kg7 36. Rh6 Rd8 37. Kd3 Re7 38. Ke4 1-0

[Event "*** Titled Tuesday Blitz"]
[Site "Chess.com"]
[Date "2019.06.04"]
[Round "1"]
[White "iturrizaga"]
[Black "Koksal06"]
[Result "1-0"]
[WhiteElo "2930"]
[BlackElo "2486"]
[TimeControl "180+2"]
[EndTime "13:06:06 PDT"]
[Termination "iturrizaga won by checkmate"]

1. Nf3 d5 2. g3 Nf6 3. Bg2 Bg4 4. O-O c6 5. b3 e6 6. Bb2 Nbd7 7. d3 Bd6 8. Nbd2 O-O 9. h3 Bh5 10. a3 Qe7 11. c4 e5 12. Qc2 Bg6 13. e4 dxe4 14.
dxe4 a5 15. Nh4 Rfe8 16. Kh2 Nf8 17. Rfe1 Bc5 18. Ndf3 N6d7 19. Nf5 Bxf5 20. exf5 f6 21. Re2 Rad8 22. Qc3 Bb6 23. b4 axb4 24. axb4 Nb8 25. c5 Bc7 26. Nd2 Na6 27. Be4 Rd4 28. Qb3+ Kh8 29.
Bxd4 exd4 30. Bd3 Qd7 31. Rxe8 Qxe8 32. Nf3 Nd7 33. Bxa6 bxa6 34. Qe6 Qd8 35. Nxd4 Ne5 36. Nxc6 Qd2 37. Qe8# 1-0

[Event "*** Titled Tuesday Blitz"]
[Site "Chess.com"]
[Date "2019.06.04"]
[Round "1"]
[White "Caisachess"]
[Black "ChessWarrior7197"]
[Result "0-1"]
[WhiteElo "2453"]
[BlackElo "2873"]
[TimeControl "180+2"]
[EndTime "13:06:09 PDT"]
[Termination "ChessWarrior7197 won by resignation"]

1. e4 c5 2. c3 Nf6 3. e5 Nd5 4. d4 e6 5. Nf3 d6 6. Bd3 Nc6 7.
a3 cxd4 8. cxd4 Be7 9. O-O h6 10. Qe2 b6 11. Re1 Bb7 12. Bd2 Qd7 13. Nc3 Nxc3 14.
Bxc3 O-O-O 15. Ba6 Bxa6 16. Qxa6+ Qb7 17. Qxb7+ Kxb7 18. Rad1 dxe5 19. dxe5 b5 20. Kf1 a5 21. Nd4 Nxd4 22. Bxd4 b4 23. a4 Rd5 24. Be3 Rhd8 25.
Rxd5 Rxd5 26. f4 f6 27. exf6 Bxf6 28. Bc1 Rc5 29. Kf2 Rc2+ 30. Kf3 b3 31. g4 Bxb2 32. Bxb2 Rxb2 33. Rxe6 Rxh2 34. Re7+ Kb6 35. Re6+ Kc5 36.
Kg3 Rd2 37. f5 b2 38. Re1 Kb4 0-1

[Event "*** Titled Tuesday Blitz"]
[Site "Chess.com"]
[Date "2019.06.04"]
[Round "1"]
[White "SergeiAza"]
[Black "Manukyan_Artak"]
[Result "1-0"]
[WhiteElo "2770"]
[BlackElo "2408"]
[TimeControl "180+2"]
[EndTime "13:06:14 PDT"]
[Termination "SergeiAza won by resignation"]

1. e4 c6 2. d4 d5 3. Nc3 dxe4 4.
Nxe4 Nf6 5. Nxf6+ exf6 6. c3 Bd6 7. Bd3 O-O 8. Ne2 Qc7 9. Qc2 h6 10. Be3 b5 11. O-O-O a5 12. Kb1 b4 13. c4 c5 14. h3 a4 15. d5 b3 16. axb3 axb3 17.
Qxb3 Na6 18. Nc3 Nb4 19. Nb5 Qa5 20. Qa3 Qxa3 21. bxa3 Nxd3 22. Rxd3 Bf5 23. Kc2 Rfd8 24. Kd2 Bxd3 25. Kxd3 f5 26. Nxd6 Rxd6 27. Bxc5 Rg6 28.
g3 Rb8 29. Bb4 f4 30. gxf4 Rf6 31. c5 Rxf4 32. d6 Rd8 33. Rc1 g5 34. c6 1-0

[Event "*** Titled Tuesday Blitz"]
[Site "Chess.com"]
[Date "2019.06.04"]
[Round "1"]
[White "26andrej26"]
[Black "SamCopeland"]
[Result "1-0"]
[WhiteElo "2528"]
[BlackElo "2087"]
[TimeControl "180+2"]
[EndTime "13:06:17 PDT"]
[Termination "26andrej26 won by resignation"]

1. e4 Nf6 2. Nc3 e5 3. f4 d5 4. exd5 exf4 5. Nf3 Nxd5 6. Bc4 Be6 7. Qe2 Nxc3 8. dxc3 Qe7 9. Bxe6 Qxe6 10. Qxe6+ fxe6 11. Bxf4 Bd6 12. Be5 Nc6 13. Bxd6 cxd6 14. O-O-O Ke7 15. Rhe1 h6 16. Nh4 Rhe8 17. c4 Ne5 18. c5 Nf7 19. Nf5+ Kf6 20. Nxd6 Nxd6 21. cxd6 Rad8 22. Rf1+ Kg6 23.
c4 b6 24. Kc2 e5 25. b4 Re6 26. c5 bxc5 27. bxc5 Rc8 28. Rd5 e4 29. Kd2 e3+ 30. Ke2 Rb8 31. d7 Rb2+ 32. Kd3 e2 33. Re1 Rf6 34.
d8=Q Rf1 35. Qe8+ Kh7 36. Qe4+ 1-0

[Event "*** Titled Tuesday Blitz"]
[Site "Chess.com"]
[Date "2019.06.04"]
[Round "1"]
[White "TheBigBadChessDad"]
[Black "Berardino"]
[Result "0-1"]
[WhiteElo "2150"]
[BlackElo "2550"]
[TimeControl "180+2"]
[EndTime "13:06:24 PDT"]
[Termination "Berardino won by resignation"]

1. d4 Nf6 2. Nf3 g6 3. Bg5 Bg7 4. Nbd2 O-O 5. c3 c5 6. dxc5 a5 7. e4 Na6 8. Bxa6 Rxa6 9. Qe2 Qc7 10. Be3 Ng4 11. Rd1 Nxe3 12. Qxe3 b6 13. cxb6 Rxb6 14. Nc4 Rc6 15. b3 Ba6 16. Nfd2 Re6 17. O-O d5 18.
Nb2 Bxf1 19. Rxf1 Qxc3 20. Qxc3 Bxc3 21. exd5 Re2 22. Nbc4 Bxd2 23. Rd1 Bc3 24. Kf1 Rxa2 25. d6 exd6 0-1

[Event "*** Titled Tuesday Blitz"]
[Site "Chess.com"]
[Date "2019.06.04"]
[Round "1"]
[White "IIIlllII1llIl"]
[Black "Torrentec"]
[Result "1-0"]
[WhiteElo "2775"]
[BlackElo "2412"]
[TimeControl "180+2"]
[EndTime "13:06:26 PDT"]
[Termination "IIIlllII1llIl won by resignation"]

1. e4 e5 2. Nf3 Nc6 3. d4 exd4 4. Nxd4 Bc5 5. Nb3 Bb6 6. Nc3 Qf6 7. Qe2 Nge7 8. Be3 Nd4 9. Nxd4 Bxd4 10. Bxd4 Qxd4 11. Rd1 Qb4 12. Qb5 Qxb5 13. Nxb5 Kd8 14. Bc4 Rf8 15. O-O a6 16. Nd4 b5 17. Bxf7 Rxf7 18. Ne6+ Ke8 19. Nxc7+ Kd8 20. Nxa8 Rf6 21. e5 Rc6 22. Rd6 Bb7 23.
Nb6 Kc7 24. Rxd7+ Kxb6 25. Rxe7 Rxc2 26. Re1 Rxb2 27. Rxb7+ 1-0

[Event "*** Titled Tuesday Blitz"]
[Site "Chess.com"]
[Date "2019.06.04"]
[Round "1"]
[White "Cayse"]
[Black "kasparicy"]
[Result "0-1"]
[WhiteElo "2615"]
[BlackElo "2355"]
[TimeControl "180+2"]
[EndTime "13:06:28 PDT"]
[Termination "kasparicy won by resignation"]

1. d4 Nf6 2. Bf4 g6 3. Nc3 d5 4. e3 Bg7 5. h4 O-O 6. Be2 c5 7. h5 Nc6 8. hxg6 fxg6 9. dxc5 e5 10. Bg5 Be6 11. Nf3 Qa5 12. O-O Qxc5 13. a3 Rad8 14. Na4 Qe7 15. b4 h6 16. Bh4 g5 17. Bg3 Ne4 18.
Bh2 d4 19. exd4 exd4 20. Bd3 Nc3 21. Nxc3 dxc3 22. Qe2 Qf7 23. b5 Nd4 24. Nxd4 Rxd4 25. Rae1 Bd7 26. Be5 Re8 27. Bxg7 Rxe2 28. Bxd4 Rxe1 29.
Rxe1 Qd5 30. Bxc3 Bxb5 31. Re5 Qc6 32. Rxb5 Qxc3 33. Rb3 Qe1+ 34. Kh2 b6 35. f3 Kg7 36. Be4 g4 37. Rd3 Qh4+ 38. Kg1 g3 39. f4 Qxf4 40.
Bf3 Qc1+ 41. Rd1 Qxc2 0-1

[Event "*** Titled Tuesday Blitz"]
[Site "Chess.com"]
[Date "2019.06.04"]
[Round "1"]
[White "Supernotar"]
[Black "yuki_chess123"]
[Result "1/2-1/2"]
[WhiteElo "2545"]
[BlackElo "2159"]
[TimeControl "180+2"]
[EndTime "13:06:28 PDT"]
[Termination "Game drawn by agreement"]

1. d4 g6 2. c3 Bg7 3. Nf3 d6 4. Bf4 Nf6 5. e3 O-O 6. h3 Nc6 7. Bh2 Qe8 8. Be2 e5 9. O-O Ne4 10. Nfd2 Nxd2 11. Nxd2 Qe7 12. dxe5 Nxe5 13. Nf3 c6 14.
Nxe5 dxe5 15. Qb3 Be6 16. Bc4 Bxc4 17. Qxc4 Rfd8 18. Rfd1 Rxd1+ 19. Rxd1 Rd8 20. Qe2 Rd6 21. Bg3 Bf6 22. f3 Qd7 23. Rxd6 Qxd6 24. e4 Qe6 25. b3 Be7 26. Bf2 a6 27. Qd3 Kg7 28.
Kf1 Qd6 29. Qxd6 Bxd6 30. Ke2 Kf6 31. Kd3 Ke6 32. a4 f5 33. g4 b5 34. c4 bxa4 35. bxa4 c5 36. Bh4 fxg4 37. fxg4 h6 38. Bd8 h5 39.
Ke3 Be7 40. Bb6 hxg4 41. hxg4 Bg5+ 42. Kd3 Kd6 43. Ba5 Kc6 44. Be1 Bf4 45. Kc2 Kb6 46. Kb3 Be3 47. Bc3 Bd4 48. Bd2 Bf2 49. Kc2 Bd4 50.
Kd3 Kc6 51. Be1 Kd6 52. Bh4 Ke6 53. Ke2 Kf7 54. Kf3 Ke6 55. Bg3 Kf7 56. Be1 Ke6 57. Bd2 1/2-1/2

[Event "*** Titled Tuesday Blitz"]
[Site "Chess.com"]
[Date "2019.06.04"]
[Round "1"]
[White "GameOverBro"]
[Black "SalgadoChess91"]
[Result "0-1"]
[WhiteElo "2471"]
[BlackElo "2884"]
[TimeControl "180+2"]
[EndTime "13:06:32 PDT"]
[Termination "SalgadoChess91 won by resignation"]

1. e4 e5 2. Nf3 Nc6 3. Bb5 Nf6 4. O-O Nxe4 5. Re1 Nd6 6. Nxe5 Be7 7. Bf1 Nf5 8. c3 Nxe5 9. Rxe5 d6 10. Re2 O-O 11.
d4 d5 12. Bf4 Bd6 13. Qd2 Qf6 14. Be5 Qg6 15. Qf4 f6 16. Bxd6 Nxd6 17. Nd2 Bg4 18.
Re7 Rac8 19. Rae1 Rfe8 20. Rxe8+ Rxe8 21. Rxe8+ Nxe8 22. Qe3 Kf8 23. Bd3 Bf5 24. Bb5 Nd6 25. Bf1 Bd7 26. Nb3 b6 27. Nd2 Qc2 28. b4 Qxa2 29.
h4 Qc2 30. Bd3 Qxc3 31. Bxh7 Qxe3 32. fxe3 Nf5 33. Bxf5 Bxf5 34. Kf2 Ke7 0-1

[Event "*** Titled Tuesday Blitz"]
[Site "Chess.com"]
[Date "2019.06.04"]
[Round "1"]
[White "csati17"]
[Black "chesstatour"]
[Result "1-0"]
[WhiteElo "2516"]
[BlackElo "2023"]
[TimeControl "180+2"]
[EndTime "13:06:33 PDT"]
[Termination "csati17 won by resignation"]

1. c4 f5 2. Nc3 Nf6 3. g3 g6 4. Bg2 Bg7 5. d3 O-O 6. e4 d6 7.
Nge2 Nc6 8. O-O e5 9. Nd5 Nxd5 10. cxd5 Nd4 11. Nxd4 exd4 12. Bd2 Bd7 13. Qb3 Rb8 14. f4 Kh8 15. Rfe1 Re8 16. Rac1 c5 17. dxc6 bxc6 18. Qa3 c5 19. b4 fxe4 20. dxe4 Qb6 21.
bxc5 dxc5 22. Qxc5 Qxc5 23. Rxc5 Rb2 24. Rc7 Bb5 25.
Rb7 Rxa2 26. Rxb5 Rxd2 27. e5 g5 28. Bc6 Rc8 29. e6 Bf6 30. e7 Bxe7 31. Rxe7 h6 32. Rbb7 Rxc6 33. Rb8+ 1-0

[Event "*** Titled Tuesday Blitz"]
[Site "Chess.com"]
[Date "2019.06.04"]
[Round "1"]
[White "GMsKoRPioN"]
[Black "quesfr"]
[Result "1-0"]
[WhiteElo "2561"]
[BlackElo "2169"]
[TimeControl "180+2"]
[EndTime "13:06:38 PDT"]
[Termination "GMsKoRPioN won by resignation"]

1. d4 d5 2. c4 e6 3. Nf3 Nf6 4. Nc3 Be7 5. Bg5 Nbd7 6. e3 h6 7. Bh4 O-O 8. Rc1 c5 9. cxd5 Nxd5 10. Bxe7 Nxe7 11. Be2 b6 12. O-O Bb7 13. dxc5 Nxc5 14. b4 Ne4 15. Nxe4 Bxe4 16. Qa4 Nd5 17. b5 Bg6 18.
Ne5 Bh7 19. Bf3 Qd6 20. Nc6 Rfe8 21. Rfd1 a5 22. e4 Qf4 23. Qd4 Nb4 24. a3 Nxc6 25. bxc6 b5 26. e5 Qxd4 27. Rxd4 Rec8 28. c7 1-0

[Event "*** Titled Tuesday Blitz"]
[Site "Chess.com"]
[Date "2019.06.04"]
[Round "1"]
[White "vohiraa"]
[Black "Gahan-MG"]
[Result "0-1"]
[WhiteElo "2329"]
[BlackElo "2660"]
[TimeControl "180+2"]
[EndTime "13:06:40 PDT"]
[Termination "Gahan-MG won by checkmate"]

1. e4 c5 2. Nf3 e6 3. d4 cxd4 4. Nxd4 a6 5. Bd3 Nf6 6. O-O Qc7 7. Qe2 d6 8. c4 Be7 9. Nc3 Nbd7 10. Be3 b6 11. f3 Bb7 12. Rac1 Rc8 13. b3 Qb8 14.
Rfd1 Bd8 15. Kh1 Bc7 16. Bg1 h5 17. b4 h4 18. a4 Nh5 19. Qd2 Ng3+ 20. hxg3 hxg3+ 21. Bh2 Rxh2+ 22. Kg1 d5 23. exd5 Bf4 24. Qe2 e5 25. Nf5 g6 26. Ne3 Ke7 27. Ng4 Rch8 28. d6+ Ke6 29. Nxh2 Rxh2 30. Nd5 Rh1+ 31. Kxh1 Qh8+ 32.
Kg1 Qh2+ 33. Kf1 Qh1# 0-1

[Event "*** Titled Tuesday Blitz"]
[Site "Chess.com"]
[Date "2019.06.04"]
[Round "1"]
[White "Sebastian"]
[Black "Mikhail_Golubev"]
[Result "1-0"]
[WhiteElo "2902"]
[BlackElo "2481"]
[TimeControl "180+2"]
[EndTime "13:06:41 PDT"]
[Termination "Sebastian won on time"]

1. e4 c5 2. Nf3 d6 3. d4 Nf6 4.
Nc3 cxd4 5. Nxd4 g6 6. Be3 Bg7 7. f3 O-O 8. Qd2 Nc6 9. O-O-O d5 10. Qe1 e5 11. Nxc6 bxc6 12. exd5 Nxd5 13. Bc4 Be6 14. Kb1 Re8 15. Ne4 f5 16. Ng5 Bc8 17.
h4 Rb8 18. Bxa7 Rb7 19. Bc5 e4 20. Bb3 h6 21. Nh3 exf3 22. Qg3 fxg2 23. Qxg2 Kh7 24. Rhg1 Qf6 25. Bd4 Qf7 26. Bxg7 Qxg7 27. Qh2 Ne3 28. Ng5+ Kh8 29. Rde1 Qd4 30. Nf7+ Kh7 31. Qg3 1-0

[Event "*** Titled Tuesday Blitz"]
[Site "Chess.com"]
[Date "2019.06.04"]
[Round "1"]
[White "saraswathii"]
[Black "dusanacns"]
[Result "0-1"]
[WhiteElo "2294"]
[BlackElo "2648"]
[TimeControl "180+2"]
[EndTime "13:06:43 PDT"]
[Termination "dusanacns won by checkmate"]

1. d4 Nf6 2. Bf4 g6 3. e3 Bg7 4. Nf3 O-O 5. Be2 d6 6. O-O Nfd7 7. c4 e5 8. Bg3 Nc6 9. Nc3 f5 10. h3 e4 11. Nd2 Nf6 12. f3 exf3 13. Bxf3 Re8 14.
Re1 Kh8 15. Bh4 Ne7 16. e4 fxe4 17. Ndxe4 Nf5 18. Bxf6 Bxf6 19. Nxf6 Rxe1+ 20. Qxe1 Qxf6 21. Qe8+ Kg7 22. d5 Qd4+ 23. Kh1 Ng3+ 24. Kh2 Qf4 25. Re1 Bxh3 26. Qxa8 Ne2+ 27. Kh1 Bxg2+ 28. Kxg2 Qg3+ 29.
Kh1 Qxf3+ 30. Kh2 Qg3+ 31. Kh1 Qh3# 0-1

[Event "*** Titled Tuesday Blitz"]
[Site "Chess.com"]
[Date "2019.06.04"]
[Round "1"]
[White "SimonKnightRivendell"]
[Black "Ar4uha"]
[Result "0-1"]
[WhiteElo "2032"]
[BlackElo "2520"]
[TimeControl "180+2"]
[EndTime "13:06:45 PDT"]
[Termination "Ar4uha won by resignation"]

1. d4 Nf6 2. c4 e6 3. g3 d5 4. Bg2 dxc4 5. Qc2 Nbd7 6. Nf3 a6 7. Qxc4 b5 8. Qc2 Bb7 9. O-O c5 10. dxc5 Bxc5 11. Bg5 Rc8 12. Qb3 O-O 13. Rd1 Qb6 14. e3 Bd5 15. Qd3 Qb7 16. Ne1 Bxg2 17.
Nxg2 Ne5 18. Qe2 Nf3+ 19. Kh1 Nxg5 20. Nc3 Qf3 21. Rac1 Qxe2 22. Nxe2 Nge4 23. Kg1 Nd5 24. Kf1 Be7 25. Ngf4 Nxf4 26. Nxf4 Bf6 27. f3 Nc5 28. b4 Na4 29. Nd3 g6 30. e4 Nb2 31. Nxb2 Bxb2 32.
Rxc8 Rxc8 33. Rd6 Rc4 34. Rxa6 Rxb4 35. Ke2 e5 36. Kd3 Bd4 37. a3 Rb3+ 0-1

[Event "*** Titled Tuesday Blitz"]
[Site "Chess.com"]
[Date "2019.06.04"]
[Round "1"]
[White "nrvisakh"]
[Black "NMJeevanK"]
[Result "0-1"]
[WhiteElo "2740"]
[BlackElo "2422"]
[TimeControl "180+2"]
[EndTime "13:06:46 PDT"]
[Termination "NMJeevanK won on time"]

1. e4 e5 2. Nf3 Nc6 3. Bc4 Bc5 4. d3 Nf6 5. a4 h6 6. c3 O-O 7. b4 Bd6 8. O-O a6 9. Nbd2 Rb8 10. b5 Na5 11. Ba2 c5 12. d4 Qe7 13. dxe5 Bxe5 14. Nxe5 Qxe5 15. Nf3 Qxe4 16. Re1 Qg4 17. Qd6 Ra8 18.
Ne5 Qh5 19. Qb6 axb5 20. axb5 Nb3 21. Bxb3 Rxa1 22. h3 Rxc1 23. Rxc1 Qxe5 24. Kf1 d6 25. Qc7 Ne4 26. Kg1 Qf4 27. Rf1 Nd2 28. g3 Qf6 0-1

[Event "*** Titled Tuesday Blitz"]
[Site "Chess.com"]
[Date "2019.06.04"]
[Round "1"]
[White "GelmanAlexander"]
[Black "dcremisi"]
[Result "1-0"]
[WhiteElo "2603"]
[BlackElo "2243"]
[TimeControl "180+2"]
[EndTime "13:06:47 PDT"]
[Termination "GelmanAlexander won by resignation"]

1. d4 d5 2. Nc3 e6 3. Bf4 Bd6 4. e3 Bxf4 5. exf4 c5 6. dxc5 Qc7 7. Qd4 Nf6 8. Nb5 Qd8 9. Nd6+ Kf8 10. O-O-O Nc6 11. Qe3 b6 12. Bb5 Bd7 13. Nf3 bxc5 14. Qxc5 Qb6 15. Qa3 Kg8 16. Ng5 Rf8 17. Rhe1 h6 18.
Nf3 Qxf2 19. Rd2 Qb6 20. Bxc6 Bxc6 21. Ne5 Ba8 22. g4 Ne4 23. Nxe4 dxe4 24. Qe7 f6 25. Nd7 Qd8 26. Qxf8+ Qxf8 27. Nxf8 Bd5 28. Ng6 Kf7 29. Nxh8+ 1-0

[Event "*** Titled Tuesday Blitz"]
[Site "Chess.com"]
[Date "2019.06.04"]
[Round "1"]
[White "pedro_gines"]
[Black "GMKrikor"]
[Result "1-0"]
[WhiteElo "2398"]
[BlackElo "2716"]
[TimeControl "180+2"]
[EndTime "13:06:49 PDT"]
[Termination "pedro_gines won by resignation"]

1. d4 Nf6 2. Nf3 g6 3. Bg5 Bg7 4. Nbd2 O-O 5. c3 c5 6. e3 d5 7. Be2 Nbd7 8. O-O b6 9. Ne5 Bb7 10. f4 a6 11. a4 Ne8 12. Bg4 f5 13. Bf3 Nxe5 14. fxe5 Qd7 15. Bf4 e6 16. a5 b5 17.
Nb3 c4 18. Nc5 Qf7 19. b4 h6 20. h4 Kh7 21. g4 Bc6 22. Ra2 Qe7 23. Rh2 fxg4 24.
Bxg4 h5 25. Bxe6 Nc7 26. Bg5 Rxf1+ 27. Qxf1 Qe8 28. Bf7 Qc8 29. e6 Be8 30. Rf2 Bxf7 31. Rxf7 Nxe6 32. Qf6 1-0

[Event "*** Titled Tuesday Blitz"]
[Site "Chess.com"]
[Date "2019.06.04"]
[Round "1"]
[White "MarcoRiehle"]
[Black "savinspm"]
[Result "1-0"]
[WhiteElo "2523"]
[BlackElo "2048"]
[TimeControl "180+2"]
[EndTime "13:06:53 PDT"]
[Termination "MarcoRiehle won by resignation"]

1. e4 e5 2. Nf3 Nc6 3. Bc4 Bc5 4. c3 Nf6 5. d4 exd4 6. cxd4 Bb4+ 7. Kf1 d5 8. exd5 Nxd5 9. Nc3 Bxc3 10. bxc3 O-O 11. Ng5 h6 12. h4 Bf5 13. Qf3 Be6 14. Nxe6 fxe6 15. Qe4 Qd6 16. Rh3 Rae8 17. a4 Nf6 18. Qe2 Kh8 19. Ba3 Qf4 20. Bxf8 Rxf8 21. Qe3 Qxe3 22.
Rxe3 e5 23. d5 Na5 24. Ba2 Ng4 25. Re2 e4 26. Kg1 Nf6 27. Rae1 b6 28. c4 Nb7 29.
f3 exf3 30. gxf3 Nc5 31. Re7 Na6 32. Bb1 Ng8 33. Re8 Rxe8 34. Rxe8 Nc5 35. Bc2 g5 36. hxg5 hxg5 37. Rc8 Na6 38. Ra8 Nb4 39. Bf5 Kg7 40. Rxa7 Kf6 41. Be6 c6 42. Bxg8 1-0

[Event "*** Titled Tuesday Blitz"]
[Site "Chess.com"]
[Date "2019.06.04"]
[Round "1"]
[White "PenguinPacks"]
[Black "sofaceindisguise"]
[Result "1-0"]
[WhiteElo "2199"]
[BlackElo "2541"]
[TimeControl "180+2"]
[EndTime "13:06:55 PDT"]
[Termination "PenguinPacks won by resignation"]

1. Nf3 d5 2. b3 Nf6 3. Bb2 c6 4. g3 Bf5 5. Bg2 Nbd7 6. O-O h6 7. d3 e6 8. Nbd2 Be7 9. Nh4 Bh7 10. f4 O-O 11. e4 dxe4 12. dxe4 a5 13. a3 Nc5 14. Qe2 Qb6 15. Bd4 Rad8 16. c3 Qa6 17. Qxa6 Nxa6 18. b4 c5 19. bxc5 Bxc5 20. e5 Bxd4+ 21.
cxd4 Rxd4 22. Nhf3 Rxd2 23. Nxd2 Nd5 24. Be4 Nc5 25.
Bxh7+ Kxh7 26. Rab1 Rd8 27. Rb5 b6 28. Nc4 Na4 29.
Nd6 f5 30. Rxd5 exd5 31. Re1 Nc5 32. e6 Ne4 33. e7 Rxd6 34. e8=Q d4 35. Rd1 d3 36.
Qc8 Kg6 37. Qe8+ Kf6 38. Qe5+ Kg6 39. g4 Kf7 40. Qxf5+ Nf6 41. g5 hxg5 42. fxg5 Rd5 43. Qf4 Kg6 44. gxf6 Rg5+ 45. Qxg5+ Kxg5 46. fxg7 1-0